cohdb
Replays
Latest Replays
All Replays
Popular Replays
Top Player Replays
Match Explorer
How It Works
Community
CoH3 Stats
Reddit
Sign in to upload your games and track your stats! →
Sign in with Steam
Match 43310553
Unlisted
Match 43310553
Overview
Messages
Build Orders
End
Royal Engineer Section
Royal Engineer Section
Royal Engineer Section
Royal Engineer Section
Construct Section Command Post
Royal Engineer Section
Construct Platoon Command Post
Selects Heavy Armor Battlegroup
Forward Retreat Point
Infantry Training
Selects Engineer Detachments
Humber Armored Car
Selects Light Vehicle Withdraw and Refit
Royal Engineer Section
Royal Engineer Section
Royal Engineer Section
6-pounder Anti-tank Gun Team
Construct Field Infirmary
6-pounder Anti-tank Gun Team
Selects Radio Net
6-pounder Anti-tank Gun Team
Forward Retreat Point
ProxyFox
Personal Iroha Cushion
∞ | Mèo Múp
Highrish
midmaster543210
MrGlaucus
Jamoro
PustinjskiMis
0
0
Comments
sign in to comment!
No comments posted yet!